 Dungeon Crawl Stone Soup version 0.23.2-40-g277498a001 (webtiles) character file.

Game seed: 17804158236551728655

10673 MalarOregon the Geomancer (level 11, -8/81 HPs)
             Began as a Gargoyle Earth Elementalist on Sept 1, 2019.
             Was an Initiate of Gozag.
             Mangled by a white ugly thing (28 damage)
             ... on level 11 of the Dungeon.
             The game lasted 00:26:47 (13451 turns).

MalarOregon the Geomancer (GrEE)                   Turns: 13451, Time: 00:26:48

Health: -8/81      AC: 25    Str: 13    XL:     11   Next: 65%
Magic:  1/23       EV:  2    Int: 18    God:    Gozag
Gold:   881        SH: 10    Dex: 13    Spells: 12/27 levels left

rFire    . . .     SeeInvis .   B - +1 dagger (venom)
rCold    . . .     Gourm    .   D - +0 buckler
rNeg     + + +     Faith    .   (armour currently unavailable)
rPois    ∞         Spirit   .   (helmet currently unavailable)
rElec    .         Reflect  +   (cloak currently unavailable)
rCorr    .         Harm     .   (gloves currently unavailable)
MR       .....     NoTele   +   (boots currently unavailable)
Stlth    +++.......             x - +5 amulet of reflection
HPRegen  0.23/turn              g - ring of wizardry
MPRegen  0.18/turn              (no ring)

@: agile, tree-form, very slightly contaminated, hasted, very quick
A: clumsy 1, negative energy resistance 1, screaming 1, petrification
resistance, rot immunity, subdued magic 1, AC +8
a: Potion Petition, Call Merchant, Bribe Branch, Renounce Religion


You were on level 11 of the Dungeon.
You worshipped Gozag.
Gozag was pleased with you.
You were not hungry.
You were a tree.
You visited 2 branches of the dungeon, and saw 12 of its levels.

You collected 1071 gold pieces.
You spent 58 gold pieces at shops.
You paid 132 gold pieces to Gozag.

Inventory:

Hand Weapons
 B - a +1 dagger of venom (weapon)
   (You took it off an orc wizard on level 6 of the Dungeon)
 M - the +9 glaive of Zicyamer {venom, *Rage Dex+5, unknown}
   (You found it on level 11 of the Dungeon)

   It poisons the flesh of those it strikes.
   It affects your dexterity (+5).
   It may make you go berserk in combat.
Missiles
 G - a throwing net {!f}
 K - 4 stones (quivered)
Armour
 b - a +0 pair of gloves (melded)
   (You found it on level 9 of the Dungeon)
 t - a +0 pair of boots (melded)
   (You bought it in a shop on level 6 of the Dungeon)
 y - a +3 scale mail of cold resistance
   (You took it off an orc priest on level 5 of the Dungeon)
 D - a +0 buckler (worn)
   (You found it on level 8 of the Dungeon)
 E - a +0 helmet
   (You found it on level 7 of the Dungeon)
 J - the +5 chain mail of Bytreosia (melded) {Str+4}
   (You found it on level 9 of the Dungeon)

   It affects your strength (+4).
 L - a scarf of resistance (melded)
   (You found it on level 11 of the Dungeon)
Jewellery
 g - a ring of wizardry (left branch)
   (You took it off a goblin on level 1 of the Dungeon)
 x - a +5 amulet of reflection (around neck)
   (You found it on level 5 of the Dungeon)
 F - an uncursed ring of stealth {unknown}
   (You found it on level 7 of the Dungeon)
 N - a +3 ring of evasion {unknown}
   (You found it on level 11 of the Dungeon)
Wands
 d - a wand of iceblast (13)
   (You found it on level 5 of the Dungeon)
 u - a wand of paralysis (4)
   (You found it on level 4 of the Dungeon)
Scrolls
 h - a scroll of magic mapping {unknown}
 j - a scroll of noise {unknown}
 m - a scroll of amnesia {unknown}
 o - 7 scrolls of remove curse {@r2}
 p - a scroll of enchant armour
 r - 3 scrolls of blinking
 s - a scroll of teleportation {@r4}
 v - 5 scrolls of identify {@r1}
 w - a scroll of fear {unknown}
 A - a scroll of random uselessness {unknown}
 C - 2 scrolls of enchant weapon {unknown}
 H - a scroll of fog {unknown}
 I - a scroll of immolation {unknown}
Potions
 a - 5 potions of curing {@q1}
 c - 2 potions of brilliance
 i - 2 potions of heal wounds {@q2}
 n - 3 potions of degeneration {!q}
 q - a potion of haste {@q3}
 z - 2 potions of might
Comestibles
 e - 25 rations {!d}


   Skills:
 - Level 1.5 Dodging
 - Level 2.1 Stealth
 - Level 4.0 Shields
 + Level 8.6 Spellcasting
 + Level 9.1 Conjurations
 - Level 0.7 Transmutations
 * Level 14.8 Earth Magic


You had 12 spell levels left.
You knew the following spells:

 Your Spells              Type           Power        Failure   Level  Hunger
a - Sandblast             Erth           #####.       0%          1    None
b - Lee's Rapid Deconstr  Erth           #####.....   1%          5    #####..
c - Petrify               Tmut/Erth      ####....     1%          4    ###....
q - Passwall              Tmut/Erth      ####....     1%          2    None
x - Stone Arrow           Conj/Erth      #####.       1%          3    None

Your spell library contained the following spells:

 Spells                   Type           Power        Failure   Level  Hunger
 Animate Skeleton         Necr           N/A          3%          1    None
 Apportation              Tloc           #.....       3%          1    None
 Confusing Touch          Hex            #.....       3%          1    None
 Summon Small Mammal      Summ           #...         3%          1    None


Dungeon Overview and Level Annotations

Branches:
Dungeon (11/15)            Temple (1/1) D:5
   Lair: D:8-11         Orc: D:9-12

Altars:
Ashenzari
Cheibriados
Dithmenos
Elyvilon
Fedhas
Gozag
Hepliaklqana
Kikubaaqudgha
Makhleb
Nemelex Xobeh
Okawaru
Qazlal
Ru
Sif Muna
Trog
Uskayaw
Vehumet
Wu Jian
Xom
Yredelemnul
Zin
The Shining One

Shops:
D:4 =   D:6 [   D:7 %[(=   D:11 :


Innate Abilities, Weirdness & Mutations

You are resistant to torment.
((Your stone body is resilient. (AC +8)))
You are immune to poison.
You resist negative energy. (rN+)
((You are resistant to electric shocks. (rElec)))
((You can survive without breathing.))
You are immune to petrification.
You are immune to rotting.
((You have a beak for a mouth.))
You are clumsy. (Dex -2)
You occasionally shout uncontrollably at your foes.
Your spells are a little easier to cast, but a little less powerful.


Message History

The red ugly thing bites you but does no damage.
You don't have enough magic to cast that spell.
Aim: a red ugly thing (moderately wounded)
The stone arrow misses the red ugly thing.
The adder bites you but does no damage.
The red ugly thing bites you but does no damage.
You hit the red ugly thing. You block the adder's attack.
The adder bites you but does no damage. You block the red ugly thing's attack.
You miss the adder. The adder bites you. The red ugly thing barely misses you.
You hit the red ugly thing.
The red ugly thing is poisoned.
The adder bites you but does no damage.
The red ugly thing basks in your mutagenic energy and changes!
You closely miss the adder. You block the adder's attack.
The adder bites you but does no damage.
Your chain mail of Bytreosia prevents you from hitting the adder.
You block the adder's attack. The white ugly thing stings you!
The white ugly thing freezes you! You resist.
You hit the adder.
The adder is poisoned.
The adder barely misses you. The white ugly thing stings you.
The white ugly thing freezes you! You resist.
* * * LOW HITPOINT WARNING * * *
The adder closely misses you.
You kill the adder!
The white ugly thing barely misses you.
Aim: a white ugly thing (moderately wounded, poisoned)
The stone arrow misses the white ugly thing.
The white ugly thing stings you but does no damage.
Okay, then.
It was a potion of mutation.
You feel extremely strange.
You feel the urge to shout.
You feel clumsy.
Your connection to magic feels subdued.
Your mouth lengthens and hardens into a beak!
Your +0 helmet falls away!
The white ugly thing looks more healthy.
You block the white ugly thing's attack.
It was a potion of agility.
You feel agile all of a sudden.
The white ugly thing stings you but does no damage.
It was a potion of lignification.
You turn into a tree.
Your scarf of resistance melds into your body.
Your +0 pair of gloves melds into your body.
Your +0 pair of boots melds into your body.
The +5 chain mail of Bytreosia {Str+4} melds into your body.
You feel hot and cold all over.
Your roots penetrate the ground.
You block the white ugly thing's attack.
It was a potion of haste.
You feel yourself speed up. The white ugly thing stings you!
* * * LOW HITPOINT WARNING * * *
The white ugly thing freezes you!!
You die...
Your body crumbles into a pile of gold.

######################
#....................
#..######..........#
#..# #♣....[....# #..#
#u.........# #..#
#..........# #..#
#..........# #..#
#..........# #..#
#..........# #..#
#..........# #..#
#..........# #..#
#..........#


You could see a white ugly thing.

Vanquished Creatures
  A two-headed ogre (D:9)
  An ugly thing (D:9)
  Joseph (D:8)
  A gargoyle (D:6)
  A polar bear (shapeshifter) (D:10)
  A troll (D:10)
  A hornet (D:10)
  5 hippogriffs
  A shadow (D:11)
  3 wyverns
  9 yaks
  A water moccasin (D:9)
  A sky beast (D:10)
  A black bear (D:9)
  3 phantoms
  4 orc warriors
  An ice beast (D:5)
  6 ogres
  3 necrophages
  4 centaurs
  2 big kobolds
  2 bullfrogs
  A wyvern skeleton (D:8)
  7 scorpions
  5 killer bees (D:10)
  8 wights
  4 howler monkeys
  A quasit (D:10)
  4 crimson imps
  2 centaur skeletons
  2 jellies (D:9)
  11 orc priests
  A gnoll shaman (D:7)
  10 hounds
  10 orc wizards
  A bullfrog skeleton (D:7)
  2 iguanas
  6 worker ants
  A hound skeleton (D:5)
  21 gnolls
  11 adders
  2 shadow imps
  2 oozes
  2 adder zombies
  5 worms
  2 dart slugs
  4 leopard geckos
  55 orcs
  A ball python (D:1)
  15 giant cockroaches
  9 goblins
  4 hobgoblins
  16 jackals
  3 quokkas
  11 bats
  3 frilled lizards
  A jackal skeleton (D:5)
  12 kobolds
  A leopard gecko skeleton (D:7)
  A leopard gecko zombie (D:5)
  3 quokka skeletons (D:4)
  2 quokka zombies
  5 rats
320 creatures vanquished.

Vanquished Creatures (others)
  A centaur (D:9)
1 creature vanquished.

Grand Total: 321 creatures vanquished

Notes
Turn   | Place    | Note
-------+----------+-------------------------------------------
     0 | D:1      | MalarOregon the Gargoyle Earth Elementalist began the quest
                  | for the Orb.
     0 | D:1      | Reached XP level 1. HP: 10/10 MP: 3/3
    75 | D:1      | Reached skill level 4 in Earth Magic
    98 | D:1      | Reached XP level 2. HP: 15/15 MP: 0/5
   172 | D:1      | Learned a level 2 spell: Passwall
   453 | D:1      | Reached XP level 3. HP: 19/19 MP: 4/6
   458 | D:1      | Learned a level 3 spell: Stone Arrow
   835 | D:2      | Reached skill level 5 in Earth Magic
   990 | D:2      | Found a white marble altar of Elyvilon.
  1066 | D:2      | Reached XP level 4. HP: 24/24 MP: 0/8
  1230 | D:2      | Found a sacrificial altar of Ru.
  1962 | D:3      | Reached XP level 5. HP: 20/28 MP: 5/9
  2445 | D:3      | Reached skill level 6 in Earth Magic
  2755 | D:4      | Noticed a phantom
  2769 | D:4      | Killed a phantom
  2769 | D:4      | Reached skill level 1 in Conjurations
  2769 | D:4      | Reached XP level 6. HP: 29/32 MP: 1/11
  2820 | D:4      | Reached skill level 7 in Earth Magic
  2861 | D:4      | Reached XP level 7. HP: 30/36 MP: 0/13
  3060 | D:4      | Found Rieniyw's Jewellery Shop.
  3239 | D:5      | Entered Level 5 of the Dungeon
  3317 | D:5      | Reached skill level 8 in Earth Magic
  3340 | D:5      | Found a staircase to the Ecumenical Temple.
  3354 | Temple   | Entered the Ecumenical Temple
  3602 | D:5      | Reached XP level 8. HP: 40/41 MP: 4/14
  3908 | D:5      | Reached skill level 9 in Earth Magic
  3966 | D:5      | Found a radiant altar of Vehumet.
  4228 | D:5      | Reached skill level 5 in Spellcasting
  4356 | D:6      | Noticed a gargoyle
  4524 | D:5      | Learned a level 5 spell: Lee's Rapid Deconstruction
  4529 | D:5      | Learned a level 4 spell: Petrify
  5128 | D:6      | Found Fyicitwyet's Armour Boutique.
  5136 | D:6      | Bought a +0 pair of boots for 58 gold pieces
  5159 | D:6      | Reached skill level 10 in Earth Magic
  5360 | D:6      | Reached skill level 5 in Conjurations
  5424 | D:6      | Reached XP level 9. HP: 32/45 MP: 12/17
  6134 | D:6      | Killed a gargoyle
  6708 | D:6      | Found Fyicitwyet's Armour Boutique.
  6789 | D:7      | Reached skill level 11 in Earth Magic
  6945 | D:7      | Found a sparkling altar of Nemelex Xobeh.
  7226 | D:7      | Found Fotueb's Antique Weapon Emporium.
  7228 | D:7      | Found Jocsebb's Jewellery Emporium.
  7233 | D:7      | Found Kiep's Food Emporium.
  7234 | D:7      | Found Pixt's Antique Armour Emporium.
  7714 | D:8      | Found a shattered altar of Ashenzari.
  7762 | D:8      | Reached skill level 12 in Earth Magic
  7832 | D:8      | Reached XP level 10. HP: 47/50 MP: 8/20
  8589 | D:8      | Noticed Joseph
  8600 | D:8      | Killed Joseph
  8600 | D:8      | Reached skill level 1 in Shields
  9630 | D:9      | Noticed a red ugly thing
  9663 | D:9      | Killed a red ugly thing
  9663 | D:9      | Reached skill level 13 in Earth Magic
 10623 | D:9      | Reached XP level 11. HP: 39/54 MP: 15/22
 10689 | D:9      | Found a deep blue altar of Sif Muna.
 10729 | D:9      | Got a brightly glowing chain mail
 11044 | D:9      | Found an opulent altar of Gozag.
 11136 | D:9      | Noticed a two-headed ogre
 11189 | D:9      | Killed a two-headed ogre
 11295 | D:9      | Became a worshipper of Gozag Ym Sagoz the Greedy
 11447 | D:9      | Identified the +5 chain mail of Bytreosia {Str+4} (You
                  | found it on level 9 of the Dungeon)
 11457 | D:10     | Entered Level 10 of the Dungeon
 11464 | D:10     | Reached skill level 14 in Earth Magic
 12557 | D:11     | Noticed a cyclops
 13405 | D:11     | Got a pitted glaive
 13410 | D:11     | Found Jyatt's Book Shop.
 13421 | D:11     | Noticed a red ugly thing
 13448 | D:11     | Gained mutation: You occasionally shout uncontrollably at
                  | your foes. [potion of mutation]
 13448 | D:11     | Gained mutation: You are clumsy. (Dex -2) [potion of
                  | mutation]
 13448 | D:11     | Gained mutation: Your spells are a little easier to cast,
                  | but a little less powerful. [potion of mutation]
 13448 | D:11     | Gained mutation: You have a beak for a mouth. [potion of
                  | mutation]
 13451 | D:11     | Mangled by a white ugly thing

Skill      XL: |  1  2  3  4  5  6  7  8  9 10 11 |
---------------+----------------------------------+-----
Earth Magic    | 4 5 6 7 8 10 12 13 14 | 14.8
Spellcasting   | 3 4 5 6 7 8 |  8.6
Conjurations   | 1 2 3 5 6 8 9 |  9.1
Shields        | 3 4 |  4.0
Dodging        | |  1.5
Stealth        | |  2.1
Transmutations | |  0.7

Action                   |  1- 3 |  4- 6 |  7- 9 | 10-12 || total
-------------------------+-------+-------+-------+-------++-------
Melee: Unarmed           |     4 |       |       |       ||     4
       Dagger            |    53 |    53 |    34 |   250 ||   390
 Cast: Sandblast         |    42 |    60 |   192 |    48 ||   342
       Stone Arrow       |     8 |     8 |    16 |    86 ||   118
       Lee's Rapid Decon |       |       |     3 |    28 ||    31
       Petrify           |       |       |       |     9 ||     9
  Use: Scroll            |       |       |     9 |       ||     9
       Potion            |       |       |     2 |     4 ||     6
 Stab: Sleeping          |     3 |     1 |       |       ||     4
       Petrified         |       |       |       |    11 ||    11
  Eat: Chunk             |     2 |     6 |    18 |     9 ||    35
       Ration            |       |       |       |     5 ||     5
Armor: Robe              |    34 |    11 |       |       ||    45
       Scale mail        |       |     9 |    46 |    53 ||   108
       Chain mail        |       |       |       |   158 ||   158
Dodge: Dodged            |    61 |    46 |    48 |   101 ||   256
Block: Other             |       |       |    11 |     1 ||    12
       Reflection        |       |       |     3 |     4 ||     7
       Buckler           |       |       |       |   153 ||   153
